 Dungeon Crawl Stone Soup version 0.23-a0-359-g9beedce (webtiles) character file.

0 Cryolive the Digger (level 1, -1/10 HPs)
             Began as a Gargoyle Earth Elementalist on Oct 23, 2018.
             Slain by a kobold
             ... wielding a +0 short sword
              (2 damage)
             ... on level 1 of the Dungeon.
             The game lasted 00:00:18 (56 turns).

Cryolive the Digger (Gargoyle Earth Elementalist)     Turns: 56, Time: 00:00:18

Health: -1/10      AC:  4    Str: 11    XL:     1   Next: 10%
Magic:  3/3        EV: 12    Int: 15    God:
Gold:   0          SH:  0    Dex: 10    Spells: 3/4 levels left

rFire    . . .     SeeInvis .   e - +0 dagger
rCold    . . .     Gourm    .   (no shield)
rNeg     + . .     Faith    .   c - +0 robe
rPois    ∞         Spirit   .   (no helmet)
rElec    +         Reflect  .   (no cloak)
rCorr    .         Harm     .   (no gloves)
MR       .....                  (no boots)
Stlth    ++........             (no amulet)
HPRegen  0.03/turn              (no ring)
MPRegen  0.08/turn              (no ring)

@: no status effects
A: negative energy resistance 1, electricity resistance, unbreathing,
petrification resistance, rot immunity, AC +2
a: no special abilities


You were on level 1 of the Dungeon.
You were not hungry.

You visited 1 branch of the dungeon, and saw 1 of its levels.

Inventory:

Hand Weapons
 e - a +0 dagger (weapon)
Missiles
 b - 34 stones (quivered)
Armour
 c - a +0 robe (worn)
Jewellery
 a - an uncursed ring of protection from cold {unknown}
Comestibles
 d - a ration


   Skills:
 - Level 1.5 Dodging
 - Level 2.1 Stealth
 + Level 2.0 Spellcasting
   Level 0.7 Transmutations
 + Level 3.6 Earth Magic


You had 3 spell levels left.
You knew the following spells:

 Your Spells              Type           Power        Failure   Level  Hunger
a - Sandblast             Erth           ##....       4%          1    #......

Your spell library contained the following spells:

 Spells                   Type           Power        Failure   Level  Hunger
 Passwall                 Tmut/Erth      #.......     14%         2    ###....
 Stone Arrow              Conj/Erth      #.....       30%         3    ###....
 Petrify                  Tmut/Erth      #.......     65%         4    #####..
 Lee's Rapid Deconstruct  Erth           ##........   80%         5    ######.


Dungeon Overview and Level Annotations

Branches:
Dungeon (1/15)

Altars:


Innate Abilities, Weirdness & Mutations

You are resistant to torment.
Your stone body is resilient. (AC +2)
You are immune to poison.
You resist negative energy. (rN+)
You are resistant to electric shocks. (rElec)
You can survive without breathing.
You are immune to petrification.
You are immune to rotting.


Message History

b - 33 stones (gain'd 1)
b - 34 stones (gain'd 1)
A kobold comes inta view.
It be wieldin' a +0 short sword.
Tha kobold hits ye wit' a +0 short sword.
Ye closely miss tha kobold.
Tha kobold hits ye but does nay damage.
Ye hit tha kobold.
Tha kobold be heavily wounded.
Tha kobold hits ye wit' a +0 short sword.
Ye barely miss tha kobold.
Tha kobold be heavily wounded.
Tha kobold hits ye wit' a +0 short sword.
* * * LOW HITPOINT WARNIN'
* * * Ye hit tha kobold.
Tha kobold be severely wounded.
Tha kobold hits ye wit' a +0 short sword.
* * * LOW HITPOINT WARNIN'
* * * Ye closely miss tha kobold.
Tha kobold be severely wounded.
Tha kobold hits ye wit' a +0 short sword.
Ye die...

... .....# ..##....#
#####...# ..#....#
§.......# #.#....#
§≈≈§§...####.#......#
§≈≈≈..........#.....#
>?≈≈.....# #.#.K...#
≈§≈≈....# #...@...#
§≈≈.....# ##.#....#
........# #......#
#####...# ##.#.###
##..#######...#######
#...#...............
###.#.#####..#######
#.....#.[ #...#
#.#####.#.##..#


You could see a kobold.

Vanquished Creatures
  A kobold (D:1)
1 creature vanquished.

Notes
Turn   | Place    | Note
-------+----------+-------------------------------------------
     0 | D:1      | Cryolive the Gargoyle Earth Elementalist began the quest
                  | for the Orb.
     0 | D:1      | Reached XP level 1. HP: 10/10 MP: 3/3
    56 | D:1      | Slain by a kobold

Vault maps used:
D:1:      lemuel_arrival_lava_pool

Action                   || total
-------------------------++-------
Melee: Dagger            ||     5
       Unarmed           ||     5
Armor: Robe              ||     4
Dodge: Dodged            ||     3

Table legend:
 A = Non-vault XP
 B = Vault XP
 C = Vault XP percentage of total XP
 D = Non-vault monster count
 E = Vault monster count
 F = Vault count percentage of total count
                 A         B        C        D         E       F
            +---------+---------+-------+---------+---------+-------
      Total |       1 |       0 |   0.0 |       1 |       0 |   0.0
            +---------+---------+-------+---------+---------+-------
        D:1 |       1 |       0 |   0.0 |       1 |       0 |   0.0
            +---------+---------+-------+---------+---------+-------
